 Dungeon Crawl Stone Soup version 0.30.0-19-g36f170ea60 (webtiles) character file.

Game seed: 18130985892924754989

65 Irreverend the Insei (level 3, -1/27 HPs)
             Began as a Demonspawn Transmuter on May 27, 2023.
             Slain by Robin
             ... wielding a +0 trident
              (8 damage)
             ... on level 3 of the Dungeon.
             The game lasted 00:02:42 (1856 turns).

Irreverend the Insei (Demonspawn Transmuter)        Turns: 1856, Time: 00:02:43

Health: -1/27      AC:  2    Str: 10    XL:     3   Next: 94%
Magic:  6/6        EV: 12    Int: 16    God:
Gold:   55         SH:  0    Dex: 13    Spells: 5/6 levels left

rFire   . .          .
                       - Unarmed
rCold   . . .        (no shield)
rNeg    . . .        a - +0 robe
rPois   .            (helmet currently unavailable)
rElec   .            (no cloak)
rCorr   .            (no gloves)
SInv    .            (boots currently unavailable)
Will    .....        l - amulet of magic regeneration
Stlth   +            (no ring)
HPRegen 0.24/turn    (no ring)
MPRegen 0.50/turn

%: no passive effects
@: appendages (expiring)
A: horns 2, talons 2, foul stench 1
a: End Transformation


You were on level 3 of the Dungeon.
You had temporarily grown beastly horns and talons.
You visited 1 branch of the dungeon, and saw 3 of its levels.

You collected 55 gold pieces.

Inventory:

Armour
 a - a +0 robe (worn)
Jewellery
 l - an amulet of magic regeneration (around neck)
Scrolls
 c - 5 scrolls of identify {unknown}
 d - a scroll of enchant weapon {unknown}
 f - a scroll of brand weapon {unknown}
 i - a scroll of teleportation {unknown}
 k - 3 scrolls of magic mapping {unknown}
 n - a scroll of torment {unknown}
Potions
 b - a potion of lignification
 e - 5 potions of haste {unknown}
 g - a potion of cancellation {unknown}
 h - a potion of brilliance {unknown}
 j - a potion of curing {unknown}
 m - a potion of attraction {unknown}


   Skills:
 + Level 1.8 Fighting
 + Level 2.3 Dodging
 * Level 3.4 Unarmed Combat
 - Level 2.0 Spellcasting
 + Level 2.3 Transmutations


You had 5 spell levels left.
You knew the following spells:

 Your Spells              Type           Power      Damage    Failure   Level
a - Beastly Appendage     Tmut           18%        N/A       8%          1

Your spell library contained the following spells:

 Spells                   Type           Power      Damage    Failure   Level
 Wereblood                Tmut           9%         N/A       12%         2
 Spider Form              Tmut/Pois      5%         N/A       36%         3
 Ice Form                 Ice/Tmut       5%         N/A       77%         4


Dungeon Overview and Level Annotations

Branches:
Dungeon (3/15)

Altars:

Annotations:
D:3 Robin


Innate Abilities, Weirdness & Mutations

You have temporarily grown beastly horns and talons.
You may rarely emit foul miasma when damaged in melee.


Message History

Your horns disappear.
Your talons disappear.
You barely miss the goblin.
The goblin is severely wounded.
The goblin hits you but does no damage. Robin throws the goblin at you!
The goblin shouts!
The goblin attacks as you move away! The goblin hits you with a +0 club.
* * * LOW HITPOINT WARNING * * *
Robin completely misses you.
You closely miss Robin. You punch Robin.
Robin is moderately wounded.
The goblin barely misses you.
Robin roars a battlecry!
The goblins go into a battle-frenzy!
You barely miss Robin.
Robin is moderately wounded.
The goblin no longer looks unusually strong.
You completely miss Robin.
Robin is moderately wounded.
Robin roars a battlecry!
The goblin goes into a battle-frenzy!
The goblin hits you but does no damage.
Casting: Beastly Appendage (safe; 8% risk of failure)
Confirm with . or Enter, or press ? or * to list all spells.
You grow a pair of large bovine horns.
Your feet morph into talons.
Robin completely misses you. The goblin completely misses you.
You barely miss Robin. You claw Robin, but do no damage. You headbutt Robin.
Robin is moderately wounded.
The goblin misses you.
You barely miss Robin.
Robin is moderately wounded.
Your transformation is almost over.
The goblin no longer looks unusually strong.
The goblin hits you with a +0 club.
* * * LOW HITPOINT WARNING * * *
Robin's horned helmet rattles.
Robin closely misses you.
You closely miss Robin. Your kick misses Robin. You headbutt Robin.
Robin is heavily wounded.
The goblin barely misses you. Robin hits you with a +0 trident!
You die...

.........###.#
######..# #.##
#..# #..# #..#
##.# #..# #.#
...####..####.####
......(g.........#
#######g#####.##.#
#@# #.##.#
########g# #†##.#
...g>g)gg# #.##.#
########## #.##.#
#.##.# #.##.#
#.##.# #.#


You could see Robin, a hobgoblin (strong) and 3 goblins.

Vanquished Creatures
  An adder (D:2)
  2 dart slugs
  6 ball pythons
  6 endoplasms
  2 giant cockroaches
  3 goblins
  3 hobgoblins
  2 quokkas
  6 bats
  6 frilled lizards
  6 kobolds
  6 rats
49 creatures vanquished.

Notes
Turn   | Place    | Note
-------+----------+-------------------------------------------
     0 | D:1      | Irreverend the Demonspawn Transmuter began the quest for
                  | the Orb.
     0 | D:1      | Reached XP level 1. HP: 15/15 MP: 3/3
   295 | D:1      | Gained mutation: You may rarely emit foul miasma when
                  | damaged in melee. [demonic ancestry]
   295 | D:1      | Reached XP level 2. HP: 20/21 MP: 3/5
   434 | D:1      | Reached skill level 3 in Unarmed Combat
  1095 | D:1      | Reached XP level 3. HP: 25/26 MP: 4/6
  1836 | D:3      | Noticed Robin
  1856 | D:3      | Slain by Robin

Illustrated notes

Levels and vault maps discovered:
D:1:      nzn_arrival_crosshair, layout_loops_corners
D:2:      layout_basic
D:3:      layout_loops_ring, overflow_temple_1_default, bloody_trog,
          minmay_shallow_snake_nest, uniq_robin

Skill      XL: |  1  2 |
---------------+-------+-----
Dodging        | 2 |  2.3
Unarmed Combat | 3 |  3.4
Transmutations | 2 |  2.3
Fighting       | |  1.8
Spellcasting   | |  2.0

Action                     || total
---------------------------++-------
  Melee: Unarmed           ||   104
         Kick              ||    27
         Headbutt          ||    15
         Punch             ||     4
   Cast: Beastly Appendage ||    46
   Stab: Sleeping          ||     2
 Armour: Robe              ||    14
  Dodge: Dodged            ||    80
